 Dungeon Crawl Stone Soup version 0.30.0 (webtiles) character file.

Game seed: 2292455506793368024

878 Gelion the Chopper (level 7, -2/62 HPs)
             Began as a Minotaur Fighter on May 7, 2023.
             Killed from afar by Maggie (15 damage)
             ... with a bolt of fire
             ... on level 6 of the Dungeon.
             The game lasted 00:09:19 (4171 turns).

Gelion the Chopper (Minotaur Fighter)               Turns: 4171, Time: 00:09:20

Health: -2/62      AC: 12    Str: 20    XL:     7   Next: 75%
Magic:  6/6        EV:  9    Int:  5    God:
Gold:   206        SH:  5    Dex: 12    Spells: 6/6 levels left

rFire   . . .        a - +0 war axe
rCold   + . .        c - +0 buckler
rNeg    . . .        x - +0 ice dragon scales
rPois   .            (helmet restricted)
rElec   .            t - +0 cloak
rCorr   .            (no gloves)
SInv    .            (no boots)
Will    .....        (no amulet) Stlth
                     k - ring of fire
HPRegen 0.30/turn    (no ring)
MPRegen 0.10/turn

%: no passive effects
@: mighty
A: horns 2, retaliatory headbutt
a: no special abilities


You were on level 6 of the Dungeon.
You visited 1 branch of the dungeon, and saw 8 of its levels.

You collected 206 gold pieces.

Inventory:

Hand Weapons
 a - a +0 war axe (weapon)
Armour
 c - a +0 buckler (worn)
 t - a +0 cloak (worn)
 x - +0 ice dragon scales (worn)
Jewellery
 k - a ring of fire (left hand)
 A - a ring of fire
 B - a ring of see invisible
 C - a +6 ring of dexterity
Wands
 b - a wand of polymorph (11)
Scrolls
 f - 3 scrolls of identify {unknown}
 h - a scroll of enchant weapon {unknown}
 i - 3 scrolls of amnesia {unknown}
 n - a scroll of blinking {unknown}
 p - 2 scrolls of enchant armour {unknown}
 q - a scroll of vulnerability {unknown}
 r - a scroll of immolation {unknown}
 s - 3 scrolls of teleportation {unknown}
 u - a scroll of fear {unknown}
 y - a scroll of magic mapping {unknown}
 z - a scroll of silence {unknown}
Potions
 e - 2 potions of haste {unknown}
 g - 2 potions of heal wounds {unknown}
 j - a potion of resistance {unknown}
 l - 6 potions of curing
 m - a potion of lignification {unknown}
 o - 4 potions of brilliance {unknown}
 v - a potion of attraction {unknown}
 w - a potion of mutation {unknown}


   Skills:
 + Level 5.9 Fighting
 * Level 7.1 Axes
 + Level 5.9 Armour
 + Level 5.9 Shields


You had 6 spell levels left.
You didn't know any spells.
Your spell library contained the following spells:

 Spells                   Type           Power      Damage    Failure   Level
 Apportation              Tloc           0%         N/A       91%         1
 Blink                    Tloc           0%         N/A       97%         2
 Ensorcelled Hibernation  Hex/Ice        0%         N/A       97%         2
 Spider Form              Tmut/Pois      0%         N/A       99%         3
 Anguish                  Hex/Necr       0%         N/A       100%        4
 Manifold Assault         Tloc           0%         N/A       100%        4
 Alistair's Intoxication  Tmut/Pois      0%         N/A       100%        5
 Storm Form               Tmut/Air       0%         N/A       100%        7


Dungeon Overview and Level Annotations

Branches:
Dungeon (8/15)
 Temple: D:4-7         Lair: D:8-11

Altars:

Shops:
D:2 (?*:(   D:5 *!(

Annotations:
D:6 Maggie


Innate Abilities, Weirdness & Mutations

You have a pair of horns on your head.
You reflexively headbutt those who attack you in melee.


Message History

You slash the gnoll!
You kill the gnoll!
You slash the gnoll!
The gnoll is severely wounded.
You block the gnoll's attack.
You slash the gnoll!
You kill the gnoll!
You slash Maggie! You headbutt Maggie.
Maggie is moderately wounded.
You block Maggie's attack.
You slash Maggie!
Maggie is heavily wounded.
Maggie casts a spell.
Maggie attempts to bespell you! You resist with almost no effort.
Maggie points at you and mumbles some strange words.
The bolt of fire hits you!!
* * * LOW HITPOINT WARNING * * *
You hit Maggie but do no damage.
Maggie is heavily wounded.
You block Maggie's attack.
You slash Maggie!
Maggie is severely wounded.
You block Maggie's attack.
You closely miss Maggie.
Maggie is severely wounded.
You block Maggie's attack.
You slash Maggie!
Maggie is almost dead.
Maggie hits you with a +0 glaive.
* * * LOW HITPOINT WARNING * * *
You hit Maggie.
Maggie is almost dead.
Maggie hits you with a +0 glaive.
* * * LOW HITPOINT WARNING * * *
You barely miss Maggie.
Maggie is almost dead.
Maggie zaps a wand.
You resist with some effort.
Maggie points at you and mumbles some strange words.
The bolt of fire hits you!
You die... ... .$. @Sg

#.# #g# #g# ####.#
##@##.### #@#.g...#
#.....###....##########
#.#### #..............#
#......########.#
##.....# ####.#
###..... ..##.. #######
#.##.. #### #.##.. ..#
#.##..


You could see Maggie.

Vanquished Creatures
  A water moccasin (D:6)
  An ice beast (D:5)
  2 black bears (D:5)
  A gnoll sergeant (D:6)
  A scorpion (D:4)
  3 hounds
  2 iguanas (D:5)
  An orc wizard (D:6)
  3 gnolls (D:6)
  7 adders
  6 worms
  4 dart slugs
  3 orcs (D:6)
  5 endoplasms (D:2)
  9 giant cockroaches
  9 goblins
  5 hobgoblins
  3 quokkas
  8 ball pythons
  4 bats
  6 frilled lizards
  9 kobolds
  20 rats
113 creatures vanquished.

Notes
Turn   | Place    | Note
-------+----------+-------------------------------------------
     0 | D:1      | Gelion the Minotaur Fighter began the quest for the Orb.
     0 | D:1      | Reached XP level 1. HP: 19/19 MP: 0/0
    65 | D:1      | Reached XP level 2. HP: 25/27 MP: 1/1
   239 | D:1      | Reached skill level 3 in Axes
   698 | D:2      | Reached XP level 3. HP: 33/33 MP: 2/2
   783 | D:2      | Found Petaq's Magic Scroll Emporium.
   824 | D:2      | Found Inusorao's Weapon Shoppe.
   852 | D:2      | Found Yciguoch's General Store.
   858 | D:2      | Found Detoz's Book Emporium.
   940 | D:2      | Found a transporter.
   964 | D:2      | Found Note's Antique Weapon Emporium.
   992 | D:2      | Found a transporter.
  1042 | D:2      | Reached XP level 4. HP: 35/40 MP: 3/3
  1179 | D:2      | Reached skill level 4 in Axes
  2812 | D:4      | Reached XP level 5. HP: 36/47 MP: 4/4
  3167 | D:4      | Reached skill level 5 in Axes
  3643 | D:5      | Entered Level 5 of the Dungeon
  3677 | D:5      | Noticed a black bear
  3686 | D:5      | Killed a black bear
  3687 | D:5      | Reached skill level 5 in Fighting
  3687 | D:5      | Reached skill level 5 in Shields
  3687 | D:5      | Reached XP level 6. HP: 50/56 MP: 5/5
  3738 | D:5      | Reached skill level 5 in Armour
  3765 | D:5      | Reached skill level 6 in Axes
  3798 | D:5      | Noticed an ice beast
  3812 | D:5      | Killed an ice beast
  3813 | D:5      | Reached XP level 7. HP: 55/61 MP: 6/6
  3901 | D:5      | Found Eczeu's Assorted Antiques.
  3905 | D:5      | Found Anuisoxt's Distillery.
  3905 | D:5      | Found Xaprukhu's Weapon Boutique.
  3990 | D:5      | You fall into a shaft and drop 3 floors!
  4060 | D:7      | Identified the +1 long sword of Hirr {heavy, +Blink rC+
                  | Will+ Stlth+}
  4060 | D:7      | Noticed a wyvern
  4134 | D:6      | Noticed Maggie
  4157 | D:6      | Reached skill level 7 in Axes
  4171 | D:6      | Killed from afar by Maggie

Illustrated notes

Levels and vault maps discovered:
D:1:      tarquinn_simple_flora_water_b, layout_basic,
          nicolae_figureground_sparkle
D:2:      minmay_chambers_of_twos, layout_basic, serial_shops,
          nicolae_shop_tiny_statue_garden, nicolae_shop_drivethru, shop,
          nicolae_shop_hallway_plus, shop, minmay_rat_hole
D:3:      layout_loops_corners
D:4:      layout_basic
D:5:      layout_loops_corners, nicolae_wooded_promenade
D:6:      layout_loops_ring, uniq_menkaure, uniq_duvessa, uniq_eustachio,
          uniq_maggie
D:7:      layout_loops_cross, minmay_temple_entry_proselytizer, serial_shops,
          shop, shop, shop, nicolae_shop_tiny_real_fake_doors,
          minmay_statues_item
D:8:      layout_basic, enter_ossuary_3

Skill      XL: |  1  2  3  4  5  6  7 |
---------------+----------------------+-----
Axes           | 3 4 5 6 7 |  7.1
Fighting       | 4 5 |  5.9
Armour         | 4 5 |  5.9
Shields        | 4 5 |  5.9

Action                     |  1- 3 |  4- 6 |  7- 9 || total
---------------------------+-------+-------+-------++-------
  Melee: War axe           |    73 |   127 |    56 ||   256
         Headbutt          |    11 |    21 |    10 ||    42
    Use: Potion            |       |       |     2 ||     2
 Armour: Scale mail        |    40 |    33 |       ||    73
         Ice dragon scales |       |    23 |    27 ||    50
  Dodge: Dodged            |    31 |    47 |    25 ||   103
  Block: Buckler           |    13 |    27 |    15 ||    55
